 Dungeon Crawl Stone Soup version 0.28-a0-691-gad6df49e81 (webtiles) character file.

Game seed: 3949094702448227703

105 avis the Chopper (level 4, -3/42 HPs)
             Began as a Hill Orc Monk on Oct 20, 2021.
             Splashed by a jelly's acid (5 damage)
             ... on level 4 of the Dungeon.
             The game lasted 00:10:47 (3585 turns).

avis the Chopper (Hill Orc Monk)                    Turns: 3585, Time: 00:10:48

Health: -3/42      AC:  2    Str: 14    XL:     4   Next: 83%
Magic:  4/4        EV: 10    Int: 10    God:
Gold:   132        SH:  5    Dex: 13    Spells: 3/3 levels left

rFire   . . .      SeeInvis .   a - +0 hand axe
rCold   . . .      Faith    .   k - +2 buckler
rNeg    . . .      Spirit   .   j - +0 ring mail
rPois   .          Reflect  .   (no helmet)
rElec   .          Harm     .   (no cloak)
rCorr   .          Rampage  .   (no gloves)
Will    .....                   e - +0 pair of boots
Stlth   +.........              (no amulet)
HPRegen 0.14/turn               p - +4 ring of protection
MPRegen 0.09/turn               (no ring)

@: corroded
A: no striking features
a: no special abilities


You were on level 4 of the Dungeon.
You visited 1 branch of the dungeon, and saw 4 of its levels.

You collected 132 gold pieces.

Inventory:

Hand Weapons
 a - a +0 hand axe (weapon)
 q - a +1 whip of pain
Missiles
 b - 47 bolts
 l - 73 stones (quivered)
 n - 99 arrows
 t - 18 poisoned darts
 v - 20 sling bullets
Armour
 c - a +0 buckler
 e - a +0 pair of boots (worn)
 i - a +0 buckler
 j - a +0 ring mail (worn)
 k - a +2 buckler (worn)
Jewellery
 p - a +4 ring of protection (left hand)
Scrolls
 d - 5 scrolls of identify {unknown}
 f - a scroll of teleportation {unknown}
 g - a scroll of fog {unknown}
 h - 2 scrolls of noise {unknown}
 s - a scroll of enchant weapon {unknown}
 u - a scroll of amnesia {unknown}
Potions
 m - 2 potions of degeneration {unknown}
 o - 2 potions of attraction {unknown}
 r - a potion of haste {unknown}


   Skills:
 * Level 5.0 Fighting
 - Level 6.0 Axes
 - Level 2.4 Dodging
 - Level 1.5 Stealth


You had 3 spell levels left.
You didn't know any spells.
Your spell library contained the following spells:

 Spells                   Type           Power      Damage    Failure   Level
 Sandblast                Erth           0%         2d4       80%         1
 Passwall                 Tmut/Erth      0%         N/A       90%         2
 Stone Arrow              Conj/Erth      0%         3d7       99%         3


Dungeon Overview and Level Annotations

Branches:
Dungeon (4/15)
 Temple: D:4-7

Altars:
Ru

Shops:
D:1 *:=(

Annotations:
D:3 3 runed translucent doors, AttackTheMoon's ghost, amateur DgCj; Dvallin's ghost, amateur TeSu; mordus's ghost, amateur FoFi


Message History

You hit the orc but do no damage. The orc closely misses you.
You hit the orc but do no damage. The orc hits you but does no damage.
You slash the orc!
You kill the orc!
You hit the jelly.
Your hands burn!
The jelly is lightly wounded.
You block the jelly's attack.
You barely miss the jelly.
The jelly is lightly wounded.
The jelly hits you but does no damage.
You hit the jelly.
Your hands burn!
The jelly is moderately wounded.
The jelly hits you.
You are splashed with acid.
You hit the jelly. The acid corrodes you!
Your hands burn!
The jelly is heavily wounded.
The jelly barely misses you.
You hit the jelly.
Your hands burn!
The jelly is severely wounded.
You block the jelly's attack.
You hit the jelly but do no damage. The acid corrodes you!
Your hands burn!
The jelly is severely wounded.
The jelly hits you but does no damage.
You hit the jelly but do no damage.
Your hands burn!
The jelly is severely wounded.
The jelly barely misses you.
You hit the jelly but do no damage.
Your hands burn!
The jelly is severely wounded.
The jelly hits you but does no damage.
You hit the jelly. The acid corrodes you!
Your hands burn!
* * * LOW HITPOINT WARNING * * *
The jelly is almost dead.
The jelly hits you but does no damage.
You barely miss the jelly.
The jelly is almost dead.
The jelly hits you.
* * * LOW HITPOINT WARNING * * *
You are splashed with acid!
* * * LOW HITPOINT WARNING * * *
You hit the jelly but do no damage.
Your hands burn!
You die...

.. ... .......
##..#..#........
....#..#........
...............
.............###
#...............
#....J.........
....#.@........
........<.......
##.#.#(......###
..............
.........!...###
##...........#
............#
#......#....#
#..##.. ....#


You could see a jelly.

Vanquished Creatures
  An orc wizard (D:3)
  An adder (D:3)
  An ufetubus (D:3)
  A worm (D:2)
  3 orcs
  5 bats
  8 endoplasms
  6 giant cockroaches
  A goblin (D:1)
  5 hobgoblins
  4 jackals (D:3)
  3 quokkas (D:1)
  4 ball pythons
  3 frilled lizards
  4 kobolds
  8 rats
58 creatures vanquished.

Vanquished Creatures (others)
  11 plants
11 creatures vanquished.

Grand Total: 69 creatures vanquished

Notes
Turn   | Place    | Note
-------+----------+-------------------------------------------
     0 | D:1      | avis the Hill Orc Monk began the quest for the Orb.
     0 | D:1      | Reached XP level 1. HP: 19/19 MP: 1/1
    41 | D:1      | Found Pearchy's Jewellery Boutique.
    86 | D:1      | Found Huisopn's Book Boutique.
   133 | D:1      | Found Qiwnum's General Store.
   358 | D:1      | Reached XP level 2. HP: 21/26 MP: 2/2
   438 | D:1      | Reached skill level 5 in Axes
   812 | D:1      | Found a faded altar of an unknown god.
   817 | D:1      | Found Muohaxoj's Magic Scroll Shoppe.
   911 | D:1      | Found Ingod's Antique Weapon Shop.
  1377 | D:2      | Reached XP level 3. HP: 18/33 MP: 3/3
  1721 | D:2      | Found a sacrificial altar of Ru.
  2411 | D:3      | Reached skill level 5 in Fighting
  2411 | D:3      | Reached XP level 4. HP: 18/42 MP: 4/4
  3276 | D:3      | Found a runed translucent gate.
  3276 | D:3      | Found a runed translucent gate.
  3276 | D:3      | Found a runed translucent gate.
  3278 | D:3      | Noticed mordus's ghost (amateur FoFi)
  3278 | D:3      | Noticed Dvallin's ghost (amateur TeSu)
  3278 | D:3      | Noticed AttackTheMoon's ghost (amateur DgCj)
  3380 | D:3      | Reached skill level 6 in Axes
  3584 | D:4      | HP: 2/42 [acid (7)]
  3585 | D:4      | Splashed by a jelly's acid

Illustrated notes

Levels and vault maps discovered:
D:1:      dpeg_arrival_round_b, layout_rooms, basic_ecumenical_altar,
          serial_shops, shop, nicolae_shop_overgrown_old_shop,
          nicolae_shop_crystal, nicolae_shop_competitors_out_of_business, shop,
          minmay_hedge_maze
D:2:      layout_loops_cross, serial_bayou, serial_bayou_ford_a,
          serial_bayou_pond_d, serial_bayou_lagoon_b, serial_bayou_shore_a,
          basic_altar
D:3:      minmay_skewed_foursquare, layout_loops_ring, gammafunk_ghost_cemetery,
          minmay_fractal_squares_diagonal_5
D:4:      minmay_door_path, layout_basic

Skill      XL: |  1  2  3  4 |
---------------+-------------+-----
Axes           | 5 6 |  6.0
Fighting       | 4 5 |  5.0
Dodging        | |  2.4
Stealth        | |  1.5

Action                   |  1- 3 |  4- 6 || total
-------------------------+-------+-------++-------
Melee: Hand axe          |   143 |    83 ||   226
 Stab: Sleeping          |     2 |     1 ||     3
Armor: Robe              |     7 |       ||     7
       Ring mail         |    30 |    39 ||    69
Dodge: Dodged            |    50 |    29 ||    79
Block: Buckler           |    28 |    27 ||    55

Table legend: (Time is in decaauts)
 A = Elapsed time spent in this place.
 B = Non-inter-level travel time spent in this place.
 C = Inter-level travel time spent in this place.
 D = Time resting spent in this place.
 E = Time spent auto-exploring this place.
 F = Levels seen in this place.
 G = Mean time per level.
                   A        B        C        D        E       F      G
               +--------+--------+--------+--------+--------+-----+--------+
         Total |   3678 |   3396 |    282 |   1013 |   1629 |   4 |  919.5 |
       Dungeon |   3678 |   3396 |    282 |   1013 |   1629 |   4 |  919.5 |
               +--------+--------+--------+--------+--------+-----+--------+

Top non-repeatable levels by time:
     D:2: 1412 daAuts
     D:1: 1292 daAuts
     D:3: 956 daAuts
     D:4: 18 daAuts
